[Event "Commonwealth Open 2019"]
[Site "Delhi"]
[Date "2019.07.06"]
[Round "8.19"]
[White "Srihari L R"]
[Black "Arya, Bhakta"]
[Result "1-0"]
[ECO "A21"]
[WhiteElo "2200"]
[BlackElo "2050"]
[Annotator "NA"]
[PlyCount "107"]
[EventDate "2019.06.30"]
[EventType "swiss"]
[EventCountry "IND"]
[SourceTitle "playchess.com"]
[Source "ChessBase"]
[SourceQuality "1"]
[TimeControl "5400+30"]

1. d3 f5 2. e4 d6 3. c4 e5 4. Nc3 Nf6 5. g3 fxe4 6. dxe4 g6 7. Bg2 Bg7 8. Nge2 O-O 9. O-O Be6 10. Nd5 c6 11. Ne3 Ng4 12. b3 Nxe3 13. Bxe3 c5 14. f4 Nc6 15. f5 gxf5 16. exf5 Bxf5 17. Qd5+ Kh8 18. Rad1 Bg4 19. Rxf8+ Bxf8 20. Rd2 Qe8 21. Nc3 Qg6 22. Be4 Qh5 23. Rf2 Rd8 24. Qf7 Bg7 25. Qxb7 Nd4 26. Rf7 Rg8 27. Bd5 Qg6 28. Rf2 Rf8 29. Rxf8+ Bxf8 30. Qb8 Qf6 31. Bg5 Nf3+ 32. Bxf3 Qxf3 33. Bh6 Kg8 34. Qxf8+ Qxf8 35. Bxf8 Kxf8 36. Nb5 Ke7 37. Nxa7 Bd1 38. Kf2 Bc2 39. Nb5 Ke6 40. Ke3 h5 41. Nc3 Kf6 42. Kd2 Bf5 43. a3 Kg5 44. Nb5 Kg4 45. Nxd6 Bd7 46. Ke3 Kh3 47. b4 cxb4 48. axb4 Kxh2 49. Kf2 Bc6 50. b5 Ba8 51. c5 e4 52. c6 e3+ 53. Kxe3 Kxg3 54. c7 1-0

[Event "Commonwealth Open 2019"]
[Site "Delhi"]
[Date "2019.07.06"]
[Round "8.20"]
[White "Saypuri, Srithan"]
[Black "Varshini, V."]
[Result "0-1"]
[ECO "B26"]
[WhiteElo "1816"]
[BlackElo "2087"]
[Annotator "NA"]
[PlyCount "84"]
[EventDate "2019.06.30"]
[EventType "swiss"]
[EventCountry "IND"]
[SourceTitle "playchess.com"]
[Source "ChessBase"]
[SourceQuality "1"]
[TimeControl "5400+30"]

1. e4 c5 2. Nc3 d6 3. g3 Nc6 4. Bg2 g6 5. d3 Bg7 6. Be3 e6 7. Qd2 Rb8 8. Nge2 Nd4 9. O-O Ne7 10. Nc1 O-O 11. Nd1 e5 12. c3 Ne6 13. Bh6 f5 14. Bxg7 Kxg7 15. f4 b6 16. Qe3 Qc7 17. Ne2 Ba6 18. exf5 Nxf5 19. Qd2 c4 20. d4 exd4 21. g4 d3 22. gxf5 dxe2 23. Qxe2 Qc5+ 24. Kh1 Qxf5 25. Ne3 Qd3 26. Qg4 Nc5 27. Nd5 Qf5 28. Qe2 Qf7 29. Qe3 Kh8 30. f5 gxf5 31. Rg1 Qg7 32. Bf3 Qe5 33. Qh6 Bb7 34. Rae1 Bxd5 35. Bxd5 Qxd5+ 36. Rg2 Qf7 37. Reg1 Ne4 38. h4 Rg8 39. Qe3 Rxg2 40. Rxg2 Rg8 41. Qd4+ Qf6 42. Qxc4 Qxh4+ 0-1

[Event "Commonwealth Open 2019"]
[Site "Delhi"]
[Date "2019.07.06"]
[Round "8.21"]
[White "Mahindrakar Indrajeet"]
[Black "Thipsay, Praveen M"]
[Result "1/2-1/2"]
[ECO "C85"]
[WhiteElo "2092"]
[BlackElo "2405"]
[Annotator "NA"]
[PlyCount "81"]
[EventDate "2019.06.30"]
[EventType "swiss"]
[EventCountry "IND"]
[SourceTitle "playchess.com"]
[Source "ChessBase"]
[SourceQuality "1"]
[TimeControl "5400+30"]

1. e4 e5 2. Nf3 Nc6 3. Bb5 a6 4. Ba4 Nf6 5. O-O Be7 6. Bxc6 dxc6 7. Qe1 c5 8. Nxe5 Qd4 9. Nf3 Qxe4 10. Qxe4 Nxe4 11. Re1 Nf6 12. b3 Nd5 13. Bb2 f6 14. Nc3 Nxc3 15. Bxc3 Kf7 16. d3 Bd7 17. a4 Bc6 18. Nd2 b5 19. axb5 axb5 20. Rxa8 Rxa8 21. Ra1 Rd8 22. f3 f5 23. Be5 Bd6 24. Bxd6 cxd6 25. Ra7+ Rd7 26. Rxd7+ Bxd7 27. Kf2 Bc6 28. Ke3 Ke6 29. Kf4 h6 30. h4 Kf6 31. h5 Be8 32. g4 fxg4 33. fxg4 b4 34. Nc4 Ke6 35. Ne3 g6 36. hxg6 Bxg6 37. Nf1 Kd5 38. Ng3 Ke6 39. Nf1 d5 40. Nd2 Kf6 41. Nf3 1/2-1/2

[Event "Commonwealth Open 2019"]
[Site "Delhi"]
[Date "2019.07.06"]
[Round "8.22"]
[White "Oatlhotse, Providence"]
[Black "Bommini, Mounika Akshaya"]
[Result "1-0"]
[ECO "A20"]
[WhiteElo "2244"]
[BlackElo "2063"]
[Annotator "NA"]
[PlyCount "49"]
[EventDate "2019.06.30"]
[EventType "swiss"]
[EventCountry "IND"]
[SourceTitle "playchess.com"]
[Source "ChessBase"]
[SourceQuality "1"]
[TimeControl "5400+30"]

1. c4 e5 2. g3 c6 3. Nf3 e4 4. Nd4 d5 5. cxd5 Qxd5 6. e3 Nf6 7. Nc3 Qe5 8. f4 Qe7 9. b4 a5 10. b5 Bg4 11. Qc2 c5 12. Ba3 Qd8 13. Nde2 Bf3 14. Rg1 Nbd7 15. Bg2 Qb6 16. Nxe4 Bxg2 17. Rxg2 Qxb5 18. N2c3 Qc6 19. Rb1 Be7 20. Nxf6+ Nxf6 21. Qa4 Kd7 22. Rxb7+ Kd6 23. Nb5+ Kd5 24. Qb3+ c4 25. Nc3+ 1-0

[Event "Commonwealth Open 2019"]
[Site "Delhi"]
[Date "2019.07.06"]
[Round "8.23"]
[White "Sa, Kannan"]
[Black "Mohota, Nisha"]
[Result "1-0"]
[ECO "A46"]
[WhiteElo "1947"]
[BlackElo "2221"]
[Annotator "NA"]
[PlyCount "91"]
[EventDate "2019.06.30"]
[EventType "swiss"]
[EventCountry "IND"]
[SourceTitle "playchess.com"]
[Source "ChessBase"]
[SourceQuality "1"]
[TimeControl "5400+30"]

1. d4 Nf6 2. Nf3 d5 3. c3 e6 4. Bg5 h6 5. Bh4 Be7 6. Nbd2 c5 7. e3 cxd4 8. exd4 Nbd7 9. Bd3 Nh5 10. Bg3 Nxg3 11. hxg3 a6 12. g4 b6 13. Qe2 Bb7 14. Qe3 Rg8 15. Kf1 b5 16. a3 Nb6 17. Ne5 Nc4 18. Ndxc4 dxc4 19. Be4 Bxe4 20. Qxe4 Bf6 21. Qc6+ Kf8 22. Re1 Rh8 23. Nd7+ Kg8 24. Nxf6+ gxf6 25. Rh5 Kg7 26. Re3 Ra7 27. Qe4 Rd7 28. Reh3 Rd5 29. R5h4 Rg5 30. f4 Qd5 31. Qe3 Rg6 32. Rh5 f5 33. g5 a5 34. Kf2 f6 35. gxf6+ Kxf6 36. Rg3 Rhg8 37. Rxh6 Rxh6 38. Rxg8 Rg6 39. Qe5+ Kf7 40. Qxd5 exd5 41. Rxg6 Kxg6 42. Kg3 Kh5 43. Kh3 Kh6 44. g4 Kg6 45. Kh4 a4 46. g5 1-0

[Event "Commonwealth Open 2019"]
[Site "Delhi"]
[Date "2019.07.06"]
[Round "8.24"]
[White "Jubin Jimmy"]
[Black "Karthik, Sai Ch"]
[Result "1-0"]
[ECO "D15"]
[WhiteElo "2219"]
[BlackElo "1963"]
[Annotator "NA"]
[PlyCount "83"]
[EventDate "2019.06.30"]
[EventType "swiss"]
[EventCountry "IND"]
[SourceTitle "playchess.com"]
[Source "ChessBase"]
[SourceQuality "1"]
[TimeControl "5400+30"]

1. d4 d5 2. c4 c6 3. Nc3 Nf6 4. Nf3 a6 5. c5 b6 6. cxb6 Nbd7 7. Bf4 Qxb6 8. Na4 Qa5+ 9. Bd2 Qc7 10. e3 e6 11. Rc1 Bd6 12. Qc2 Bb7 13. Bd3 O-O 14. O-O h6 15. h3 a5 16. Bc3 Ba6 17. Nd2 Bb5 18. Rfe1 Bxa4 19. Qxa4 c5 20. e4 cxd4 21. Bxd4 Qb8 22. exd5 exd5 23. Nf3 Re8 24. Rxe8+ Qxe8 25. Qc6 Bf4 26. Rc2 Rb8 27. g3 Ne5 28. Qxe8+ Rxe8 29. Nxe5 Bxe5 30. Bxe5 Rxe5 31. Rc5 a4 32. Ra5 Re1+ 33. Kg2 Kf8 34. Rxa4 Rd1 35. Ra3 Rd2 36. b4 d4 37. b5 Nd5 38. Be4 Nc3 39. b6 Rb2 40. b7 Nxe4 41. Rb3 Rxf2+ 42. Kg1 1-0

[Event "Commonwealth Open 2019"]
[Site "Delhi"]
[Date "2019.07.06"]
[Round "8.25"]
[White "Patil, Harshal"]
[Black "Arpita, Mukherjee"]
[Result "0-1"]
[ECO "A48"]
[WhiteElo "1809"]
[BlackElo "2248"]
[Annotator "NA"]
[PlyCount "64"]
[EventDate "2019.06.30"]
[EventType "swiss"]
[EventCountry "IND"]
[SourceTitle "playchess.com"]
[Source "ChessBase"]
[SourceQuality "1"]
[TimeControl "5400+30"]

1. Nf3 Nf6 2. d4 g6 3. Bf4 Bg7 4. e3 d6 5. h3 O-O 6. Be2 Nbd7 7. O-O b6 8. c4 Bb7 9. Nc3 a6 10. Qc2 c5 11. Rfd1 cxd4 12. exd4 Rc8 13. b4 Bxf3 14. gxf3 Nh5 15. Bg5 h6 16. Be3 e5 17. dxe5 Bxe5 18. Qd2 Qh4 19. Nd5 Qxh3 20. f4 Bxa1 21. Ne7+ Kh7 22. Nxc8 Rxc8 23. Rxa1 Ndf6 24. Bf1 Qg4+ 25. Kh1 Qh4+ 26. Kg1 Ng4 27. Bg2 Qh2+ 28. Kf1 Nxe3+ 29. Qxe3 Nxf4 30. Bf3 Nh3 31. Ke2 Nxf2 32. Qxf2 Qe5+ 0-1

[Event "Commonwealth Open 2019"]
[Site "Delhi"]
[Date "2019.07.06"]
[Round "8.26"]
[White "Sanjeet, Manohar"]
[Black "Sharma Isha"]
[Result "1-0"]
[ECO "C41"]
[WhiteElo "1905"]
[BlackElo "2188"]
[Annotator "NA"]
[PlyCount "63"]
[EventDate "2019.06.30"]
[EventType "swiss"]
[EventCountry "IND"]
[SourceTitle "playchess.com"]
[Source "ChessBase"]
[SourceQuality "1"]
[TimeControl "5400+30"]

1. e4 d6 2. d4 Nf6 3. Nc3 e5 4. Nf3 Nbd7 5. g4 Nxg4 6. Rg1 exd4 7. Qxd4 Nde5 8. Be2 Nxf3+ 9. Bxf3 Ne5 10. Be2 Be6 11. Be3 Bc4 12. Rg3 c5 13. Qd2 Qd7 14. f4 Bxe2 15. Qxe2 Nc6 16. O-O-O Qc8 17. Nb5 Qb8 18. e5 dxe5 19. fxe5 Nd8 20. Nd6+ Bxd6 21. exd6 Ne6 22. d7+ Kd8 23. Rxg7 Rf8 24. Qh5 f6 25. Rf7 Rh8 26. Rxh7 Rf8 27. Rf7 Rxf7 28. Qxf7 Qe5 29. Qe8+ Kc7 30. Qxa8 Qxe3+ 31. Kb1 Nd8 32. Qc8+ 1-0

[Event "Commonwealth Open 2019"]
[Site "Delhi"]
[Date "2019.07.06"]
[Round "8.27"]
[White "Deepak, Katiyar"]
[Black "Sudarshan, Bhat"]
[Result "1/2-1/2"]
[ECO "C63"]
[WhiteElo "2140"]
[BlackElo "1835"]
[Annotator "NA"]
[PlyCount "64"]
[EventDate "2019.06.30"]
[EventType "swiss"]
[EventCountry "IND"]
[SourceTitle "playchess.com"]
[Source "ChessBase"]
[SourceQuality "1"]
[TimeControl "5400+30"]

1. e4 e5 2. Nf3 Nc6 3. Bb5 f5 4. d3 Nf6 5. O-O Bc5 6. exf5 O-O 7. Nc3 Nd4 8. Nxd4 Bxd4 9. Ne2 Bb6 10. d4 exd4 11. Nxd4 c6 12. Be2 c5 13. Nf3 d5 14. Nh4 Ne4 15. g3 Bxf5 16. Nxf5 Rxf5 17. Bf3 c4 18. Bxe4 dxe4 19. Qe2 Qd5 20. Be3 Bxe3 21. fxe3 Rxf1+ 22. Rxf1 Rd8 23. Qg4 h6 24. Qf5 Qxf5 25. Rxf5 Rd1+ 26. Rf1 Rd2 27. Rf2 c3 28. bxc3 Rd1+ 29. Rf1 Rd2 30. Rf2 Rd1+ 31. Rf1 Rd2 32. Rf2 Rd1+ 1/2-1/2

[Event "Commonwealth Open 2019"]
[Site "Delhi"]
[Date "2019.07.06"]
[Round "8.28"]
[White "Bhatt, Jalpan"]
[Black "Sumit, Grover"]
[Result "1/2-1/2"]
[ECO "B13"]
[WhiteElo "2001"]
[BlackElo "1875"]
[Annotator "NA"]
[PlyCount "64"]
[EventDate "2019.06.30"]
[EventType "swiss"]
[EventCountry "IND"]
[SourceTitle "playchess.com"]
[Source "ChessBase"]
[SourceQuality "1"]
[TimeControl "5400+30"]

1. d4 Nf6 2. Bf4 d5 3. e3 c5 4. c3 cxd4 5. exd4 Nc6 6. Bd3 Bg4 7. Qb3 Qc8 8. Nd2 e6 9. Ngf3 Be7 10. O-O Bh5 11. Ne5 Nxe5 12. Bxe5 O-O 13. Qc2 Bg6 14. Bxg6 hxg6 15. Qd3 Qc6 16. a4 Nd7 17. Bg3 Rfc8 18. Rfe1 Nb6 19. a5 Nc4 20. Nxc4 Qxc4 21. Qxc4 Rxc4 22. Kf1 Kf8 23. Ke2 Ke8 24. Kd3 Rac8 25. Be5 Bf6 26. Bg3 Kd7 27. Ra3 Be7 28. Ra2 Bd8 29. Rc1 Bf6 30. Re1 Bd8 31. Rc1 Bf6 32. Re1 Be7 1/2-1/2

[Event "Commonwealth Open 2019"]
[Site "Delhi"]
[Date "2019.07.06"]
[Round "8.30"]
[White "Suthar, Pradip"]
[Black "Bidhar, Rutumbara"]
[Result "0-1"]
[ECO "C90"]
[WhiteElo "1631"]
[BlackElo "1961"]
[Annotator "NA"]
[PlyCount "112"]
[EventDate "2019.06.30"]
[EventType "swiss"]
[EventCountry "IND"]
[SourceTitle "playchess.com"]
[Source "ChessBase"]
[SourceQuality "1"]
[TimeControl "5400+30"]

1. e4 e5 2. Nf3 Nc6 3. Bb5 a6 4. Ba4 Nf6 5. O-O b5 6. Bb3 Be7 7. Re1 O-O 8. c3 d6 9. a4 Bb7 10. d4 h6 11. Nbd2 Re8 12. Nf1 Bf8 13. Ng3 g6 14. Bd2 Qe7 15. Qc1 Kh7 16. axb5 axb5 17. d5 Na5 18. Ba2 Nc4 19. h4 c6 20. dxc6 Bxc6 21. b4 Bg7 22. Bxc4 bxc4 23. Qc2 Rxa1 24. Rxa1 d5 25. h5 dxe4 26. hxg6+ fxg6 27. Nh2 Qb7 28. Nhf1 Nd5 29. Ne3 Nb6 30. Ra5 Qd7 31. Qa2 Qd3 32. Ra6 Rb8 33. Ngf1 Bb5 34. Ra5 Nd5 35. Qa1 Nf4 36. g3 Nh3+ 37. Kg2 Ng5 38. Qd1 Bd7 39. Rd5 Bh3+ 40. Kh1 Bxf1 41. Rxd3 Bxd3 42. Qa4 Be2 43. Qa5 Nf3 44. Bc1 Rf8 45. Nd5 Ne1 46. Be3 Rf5 47. g4 Bxg4 48. Qc7 Be2 49. f4 exf3 50. Kg1 f2+ 51. Bxf2 Nf3+ 52. Kg2 Rg5+ 53. Bg3 Rf5 54. b5 Ng5 55. Ne7 Bf1+ 56. Kh2 Nf3+ {[%emt 0:00:12] Kg1} 0-1

[Event "Commonwealth Open 2019"]
[Site "Delhi"]
[Date "2019.07.07"]
[Round "9.1"]
[White "Narayanan.S.L"]
[Black "Aravindh, Chithambaram Vr."]
[Result "1/2-1/2"]
[ECO "A28"]
[WhiteElo "2603"]
[BlackElo "2598"]
[Annotator "RC"]
[PlyCount "64"]
[EventDate "2019.06.30"]
[EventType "swiss"]
[EventCountry "IND"]
[SourceTitle "playchess.com"]
[Source "ChessBase"]
[SourceQuality "1"]
[TimeControl "5400+30"]

1. c4 Nf6 2. Nc3 e5 3. Nf3 Nc6 4. e4 Bb4 5. d3 d6 6. a3 Bc5 7. b4 Bb6 8. Na4 h6 9. Nxb6 axb6 10. Bb2 Bg4 11. Be2 O-O 12. Nh4 Bxe2 13. Qxe2 Nh7 14. Nf5 Ne7 15. Nxe7+ Qxe7 16. O-O Rae8 17. f4 exf4 18. Rxf4 f5 19. Raf1 fxe4 20. Rxe4 Rxf1+ 21. Qxf1 Qd7 22. Qe2 Rxe4 23. Qxe4 c6 24. h4 Nf8 25. Kf2 Ne6 26. Ke3 Qf7 27. g3 h5 28. a4 Kf8 29. Qf3 Qxf3+ 30. Kxf3 d5 31. cxd5 cxd5 32. Bc1 b5 {[%emt 0:03:41] Ke4} 1/2-1/2

[Event "Commonwealth Open 2019"]
[Site "Delhi"]
[Date "2019.07.07"]
[Round "9.2"]
[White "Gupta, Abhijeet"]
[Black "Erigaisi, Arjun"]
[Result "1-0"]
[ECO "D43"]
[WhiteElo "2606"]
[BlackElo "2526"]
[Annotator "RC"]
[PlyCount "77"]
[EventDate "2019.06.30"]
[EventType "swiss"]
[EventCountry "IND"]
[SourceTitle "playchess.com"]
[Source "ChessBase"]
[SourceQuality "1"]
[TimeControl "5400+30"]

1. d4 d5 2. c4 c6 3. Nf3 Nf6 4. Nc3 e6 5. Bg5 h6 6. Bh4 dxc4 7. e4 g5 8. Bg3 b5 9. Be2 Bb7 10. e5 Nd5 11. Nd2 Nd7 12. a4 Qb6 13. axb5 cxb5 14. Bf3 Bb4 15. O-O Bxc3 16. Bxd5 Bxd5 17. bxc3 h5 18. f3 h4 19. Bf2 Qc6 20. Be3 g4 21. Bg5 Rh5 22. f4 Bxg2 23. Qxg4 Bxf1 24. Rxf1 h3 25. Rf3 Rxg5 26. fxg5 b4 27. g6 fxg6 28. Qh4 bxc3 29. Qh8+ Ke7 30. Qh4+ Ke8 31. Ne4 c2 32. Rf1 g5 33. Qxg5 c1=Q 34. Nd6+ Qxd6 35. Qg6+ Kd8 36. exd6 Qe3+ 37. Kh1 Qe2 38. Qg8+ Nf8 39. Qg5+ 1-0

[Event "Commonwealth Open 2019"]
[Site "Delhi"]
[Date "2019.07.07"]
[Round "9.3"]
[White "Iniyan, P."]
[Black "Swapnil, S. Dhopade"]
[Result "0-1"]
[ECO "E54"]
[WhiteElo "2525"]
[BlackElo "2488"]
[Annotator "ChessBase"]
[PlyCount "108"]
[EventDate "2019.06.30"]
[EventType "swiss"]
[EventCountry "IND"]
[SourceTitle "playchess.com"]
[Source "ChessBase"]
[SourceQuality "1"]
[TimeControl "5400+30"]

1. d4 Nf6 2. c4 e6 3. Nc3 Bb4 4. e3 O-O 5. Bd3 d5 6. Nf3 dxc4 7. Bxc4 c5 8. O-O Nc6 9. a3 Ba5 10. h3 Qe7 11. Qc2 cxd4 12. exd4 Rd8 13. Rd1 Bb6 14. Be3 h6 15. Rac1 Bd7 16. Ba2 Rac8 17. Bb1 Be8 18. d5 Bxe3 19. fxe3 exd5 20. Nxd5 Rxd5 21. Rxd5 Qxe3+ 22. Kh1 Qxc1+ 23. Qxc1 Nxd5 24. Qc2 Nf6 25. Kh2 Bd7 26. Qf2 Be6 27. b4 a6 28. Qb6 Rb8 29. Nh4 Nd5 30. Qc5 Nde7 31. Qc2 g6 32. Qc1 Kh7 33. Be4 Rd8 34. Nf3 Bf5 35. Qc4 Bxe4 36. Qxe4 Nd5 37. h4 h5 38. Qc2 Kg8 39. Qb2 Rd7 40. Qd2 Nf6 41. Qf4 Ng4+ 42. Kg3 Ne7 43. Qb8+ Kg7 44. a4 Nf5+ 45. Kf4 Re7 46. Qd8 Nf6 47. Ne5 Nxh4 48. Qd4 Nf5 49. Qb2 Nd5+ 50. Ke4 f6 51. Kxd5 Rxe5+ 52. Kc4 b5+ 53. axb5 axb5+ 54. Kb3 Re3+ 0-1

[Event "Commonwealth Open 2019"]
[Site "Delhi"]
[Date "2019.07.07"]
[Round "9.4"]
[White "Lalith, Babu M R"]
[Black "Divya, Deshmukh"]
[Result "1/2-1/2"]
[ECO "E16"]
[WhiteElo "2571"]
[BlackElo "2414"]
[Annotator "ChessBase"]
[PlyCount "60"]
[EventDate "2019.06.30"]
[EventType "swiss"]
[EventCountry "IND"]
[SourceTitle "playchess.com"]
[Source "ChessBase"]
[SourceQuality "1"]
[TimeControl "5400+30"]

1. d4 Nf6 2. c4 e6 3. Nf3 Bb4+ 4. Bd2 Qe7 5. g3 Nc6 6. Nc3 O-O 7. Bg2 d6 8. O-O Bxc3 9. Bxc3 Ne4 10. Be1 f5 11. d5 Nb8 12. Qc2 e5 13. Nh4 g6 14. Bxe4 fxe4 15. Qxe4 Bh3 16. Ng2 Nd7 17. Bd2 Rf5 18. f3 Raf8 19. Bh6 Re8 20. g4 Rf7 21. Rf2 Nf6 22. Qe3 Bxg4 23. fxg4 Nxg4 24. Rxf7 Qxf7 25. Rf1 Nxe3 26. Rxf7 Kxf7 27. Bxe3 Kf6 28. Kf2 g5 29. Kf3 h5 30. Ne1 Kf5 {[%emt 0:02:57] Ke4+} 1/2-1/2

[Event "Commonwealth Open 2019"]
[Site "Delhi"]
[Date "2019.07.07"]
[Round "9.5"]
[White "Saravana, Krishnan P."]
[Black "Deepan, Chakkravarthy J."]
[Result "0-1"]
[ECO "B31"]
[WhiteElo "2290"]
[BlackElo "2557"]
[Annotator "ChessBase"]
[PlyCount "124"]
[EventDate "2019.06.30"]
[EventType "swiss"]
[EventCountry "IND"]
[SourceTitle "playchess.com"]
[Source "ChessBase"]
[SourceQuality "1"]
[TimeControl "5400+30"]

1. e4 c5 2. Nf3 Nc6 3. Bb5 g6 4. c3 Nf6 5. Qe2 Bg7 6. O-O e5 7. d4 cxd4 8. cxd4 exd4 9. Bg5 Qb6 10. Nbd2 O-O 11. Rac1 d6 12. Bf4 Rd8 13. a4 Nh5 14. Bg5 Re8 15. Nc4 Qc7 16. Bd2 d5 17. Na5 Bd7 18. e5 Qb6 19. Rfe1 a6 20. Bxc6 bxc6 21. b4 Bf8 22. Nb3 Bxb4 23. a5 Qb8 24. Bxb4 Qxb4 25. Nfxd4 f6 26. e6 Bxe6 27. Nxe6 Qxb3 28. Qd2 Qb7 29. h3 Ng7 30. Nc5 Qa7 31. Re2 Re4 32. Rxe4 Rd8 33. Re8+ Rxe8 34. Qd3 Ne6 35. Qxa6 Qxa6 36. Nxa6 Nd4 37. Rb1 Ra8 38. Rb8+ Rxb8 39. Nxb8 c5 40. a6 Nb5 41. Nc6 Kf7 42. a7 Nc7 43. Kf1 Ke6 44. Ke2 Kd6 45. Nb8 Na8 46. f4 f5 47. g4 h6 48. Kd3 Nb6 49. Kc3 Kc7 50. g5 h5 51. Na6+ Kc6 52. Nb8+ Kd6 53. Kd3 d4 54. Na6 Kc6 55. Nb8+ Kb7 56. a8=Q+ Kxa8 57. Nc6 Nd5 58. Ne5 Nxf4+ 59. Kc4 d3 60. Nf3 Nxh3 61. Kxd3 Kb7 62. Ke3 Kc7 0-1

[Event "Commonwealth Open 2019"]
[Site "Delhi"]
[Date "2019.07.07"]
[Round "9.6"]
[White "Debashis, Das"]
[Black "Bhambure, Shantanu"]
[Result "1-0"]
[ECO "E21"]
[WhiteElo "2544"]
[BlackElo "2248"]
[Annotator "ChessBase"]
[PlyCount "59"]
[EventDate "2019.06.30"]
[EventType "swiss"]
[EventCountry "IND"]
[SourceTitle "playchess.com"]
[Source "ChessBase"]
[SourceQuality "1"]
[TimeControl "5400+30"]

1. Nf3 Nf6 2. c4 e6 3. d4 b6 4. Nc3 Bb4 5. e3 Bb7 6. Bd3 O-O 7. O-O d5 8. cxd5 exd5 9. Ne5 Bd6 10. f4 c5 11. Bd2 Nc6 12. Ne2 Ne4 13. Bc3 Nxc3 14. bxc3 f6 15. Nxc6 Bxc6 16. Qc2 h6 17. Ng3 f5 18. Bxf5 Qf6 19. Rf3 Be8 20. Raf1 Bf7 21. Qd2 Rfe8 22. Bb1 cxd4 23. cxd4 Rac8 24. Kh1 Rc4 25. Nf5 Bf8 26. g4 Qe6 27. g5 h5 28. Nxg7 Bxg7 29. f5 Qd6 30. f6 1-0

[Event "Commonwealth Open 2019"]
[Site "Delhi"]
[Date "2019.07.07"]
[Round "9.7"]
[White "Vaishali, R."]
[Black "Kunte, Abhijit"]
[Result "0-1"]
[ECO "C77"]
[WhiteElo "2338"]
[BlackElo "2478"]
[Annotator "ChessBase"]
[PlyCount "82"]
[EventDate "2019.06.30"]
[EventType "swiss"]
[EventCountry "IND"]
[SourceTitle "playchess.com"]
[Source "ChessBase"]
[SourceQuality "1"]
[TimeControl "5400+30"]

1. e4 e5 2. Nf3 Nc6 3. Bb5 a6 4. Ba4 Nf6 5. d3 d6 6. c3 Be7 7. O-O O-O 8. Re1 Re8 9. Nbd2 Bf8 10. Nf1 h6 11. Ng3 Bd7 12. h3 b5 13. Bc2 a5 14. a4 b4 15. d4 bxc3 16. bxc3 exd4 17. cxd4 Nb4 18. Bb1 c5 19. Bb2 cxd4 20. Qxd4 Rc8 21. Qd2 Be6 22. Nd4 Nd7 23. Ngf5 Ne5 24. Ra3 Bxf5 25. Nxf5 Re6 26. Rg3 Rg6 27. Bd4 Rxg3 28. Nxg3 g6 29. f4 Nc4 30. Qf2 Bg7 31. Kh2 Bxd4 32. Qxd4 Na3 33. Rd1 Rc4 34. Qa7 Nxb1 35. Rxb1 h5 36. Qe3 Rd4 37. Ne2 h4 38. Nc3 Qe7 39. Rd1 d5 40. Kh1 dxe4 41. Nxe4 Qe6 0-1

[Event "Commonwealth Open 2019"]
[Site "Delhi"]
[Date "2019.07.07"]
[Round "9.8"]
[White "Karthikeyan, P.."]
[Black "Navalgund, Niranjan"]
[Result "1-0"]
[ECO "B27"]
[WhiteElo "2445"]
[BlackElo "2326"]
[Annotator "NA"]
[PlyCount "83"]
[EventDate "2019.06.30"]
[EventType "swiss"]
[EventCountry "IND"]
[SourceTitle "playchess.com"]
[Source "ChessBase"]
[SourceQuality "1"]
[TimeControl "5400+30"]

1. e4 c5 2. Nf3 g6 3. d4 cxd4 4. Qxd4 Nf6 5. e5 Nc6 6. Qa4 Nd5 7. Qe4 Nc7 8. Nc3 Bg7 9. Bf4 O-O 10. O-O-O f5 11. exf6 Bxf6 12. Bc4+ e6 13. Bd6 Be7 14. Bg3 d5 15. Qe3 Bf6 16. h4 Ne7 17. Qc5 Na6 18. Bxa6 bxa6 19. Bc7 Qe8 20. Be5 Bd7 21. Bxf6 Rxf6 22. Ne5 Nc6 23. Ne4 Rf8 24. Nd6 Qe7 25. Nxc6 Bxc6 26. Qxc6 Rad8 27. Nb7 Rc8 28. Qxa6 Rxf2 29. Rd2 Rxd2 30. Kxd2 Qb4+ 31. Kc1 Qe4 32. c3 d4 33. Nd6 Qe3+ 34. Kb1 Rb8 35. cxd4 Qxd4 36. Nc4 Qe4+ 37. Ka1 Rf8 38. a3 Rf2 39. Rd1 Qe2 40. Rd8+ Kg7 41. Qxa7+ Rf7 42. Qd4+ 1-0

[Event "Commonwealth Open 2019"]
[Site "Delhi"]
[Date "2019.07.07"]
[Round "9.9"]
[White "Wagh, Suyog"]
[Black "Swayams, Mishra"]
[Result "0-1"]
[ECO "E10"]
[WhiteElo "2250"]
[BlackElo "2493"]
[Annotator "ChessBase"]
[PlyCount "114"]
[EventDate "2019.06.30"]
[EventType "swiss"]
[EventCountry "IND"]
[SourceTitle "playchess.com"]
[Source "ChessBase"]
[SourceQuality "1"]
[TimeControl "5400+30"]

1. d4 Nf6 2. c4 e6 3. Nf3 d5 4. g3 Bb4+ 5. Bd2 Bd6 6. Bg2 c6 7. Qc2 Nbd7 8. O-O Ne4 9. Nc3 Nxc3 10. Bxc3 O-O 11. Nd2 f5 12. b4 Nf6 13. a4 Bd7 14. b5 Ne4 15. Nxe4 fxe4 16. Qb3 a6 17. cxd5 cxd5 18. Bb4 Qe7 19. Bxd6 Qxd6 20. b6 Rac8 21. Rfc1 Rc6 22. a5 Rfc8 23. Rxc6 Qxc6 24. e3 Be8 25. Bf1 Bh5 26. Qb2 Bf3 27. Rb1 g5 28. h3 h5 29. Qb4 Kf7 30. Bg2 g4 31. h4 Bxg2 32. Kxg2 Ke8 33. Qa3 Kd7 34. Qb4 Qc2 35. Rb2 Qd1 36. Rb1 Qc2 37. Rb2 Qc4 38. Qa3 Qc3 39. Qa4+ Ke7 40. Rb3 Qe1 41. Qa3+ Kd7 42. Qa4+ Rc6 43. Rb2 Qc1 44. Qb4 Qd1 45. Rb1 Rc4 46. Qb2 Qc2 47. Qxc2 Rxc2 48. Kf1 Kd6 49. Ke1 e5 50. dxe5+ Kxe5 51. Rb3 Kd6 52. Rb1 Kc6 53. Rb3 Rc5 54. Ra3 Kb5 55. Kd2 Kb4 56. Ra2 Kb3 57. Ra1 Kb2 0-1

[Event "Commonwealth Open 2019"]
[Site "Delhi"]
[Date "2019.07.07"]
[Round "9.10"]
[White "Shyaamnikhil, P."]
[Black "Krishna, C R G"]
[Result "1-0"]
[ECO "C15"]
[WhiteElo "2434"]
[BlackElo "2481"]
[Annotator "ChessBase"]
[PlyCount "87"]
[EventDate "2019.06.30"]
[EventType "swiss"]
[EventCountry "IND"]
[SourceTitle "playchess.com"]
[Source "ChessBase"]
[SourceQuality "1"]
[TimeControl "5400+30"]

1. e4 e6 2. d4 d5 3. Nc3 Bb4 4. Nge2 dxe4 5. a3 Be7 6. Nxe4 Nf6 7. Nxf6+ Bxf6 8. Be3 O-O 9. Qd2 b6 10. O-O-O Bb7 11. Nf4 Nd7 12. Kb1 Be7 13. f3 Nf6 14. h4 a5 15. h5 a4 16. c4 Ra5 17. Qc2 h6 18. Be2 Qa8 19. Bd2 Rd8 20. Bxa5 Qxa5 21. Bd3 Kf8 22. Qf2 Qg5 23. g3 Bd6 24. Rh4 Qa5 25. Ne2 Be7 26. Rhh1 Qa8 27. Rhf1 c5 28. Bc2 Ba6 29. dxc5 Bxc5 30. Rxd8+ Qxd8 31. Qg2 Bxc4 32. Rd1 Qa8 33. Nc3 b5 34. Ne4 Be7 35. Nxf6 Bxf6 36. Be4 Qb8 37. Rd7 Qe5 38. Qd2 Qb8 39. f4 Be7 40. Rb7 Qd6 41. Qxd6 Bxd6 42. Bc6 g6 43. Bxb5 Bd5 44. Rd7 1-0

[Event "Commonwealth Open 2019"]
[Site "Delhi"]
[Date "2019.07.07"]
[Round "9.11"]
[White "Srihari L R"]
[Black "Thejkumar, M. S."]
[Result "1/2-1/2"]
[ECO "A06"]
[WhiteElo "2200"]
[BlackElo "2458"]
[Annotator "ChessBase"]
[PlyCount "73"]
[EventDate "2019.06.30"]
[EventType "swiss"]
[EventCountry "IND"]
[SourceTitle "playchess.com"]
[Source "ChessBase"]
[SourceQuality "1"]
[TimeControl "5400+30"]

1. Nf3 d5 2. g3 Nf6 3. Bg2 Bf5 4. O-O e6 5. d3 h6 6. c4 c6 7. Be3 dxc4 8. dxc4 Nbd7 9. Nc3 Qc7 10. a3 a5 11. h3 Be7 12. Rc1 O-O 13. Na4 e5 14. Qb3 Ne4 15. Rfd1 Rad8 16. Nd2 Ndc5 17. Nxc5 Nxc5 18. Bxc5 Bxc5 19. Ne4 Be7 20. Qc3 a4 21. Qc2 Qb6 22. Nf6+ Bxf6 23. Qxf5 Bg5 24. Rb1 Rd5 25. Rd3 Rxd3 26. Rd1 Rxa3 27. bxa3 Qb2 28. h4 g6 29. Qb1 Qxb1 30. Rxb1 Be7 31. Rxb7 Bxa3 32. Ra7 Rb8 33. Bxc6 Bc5 34. Rxa4 Rb1+ 35. Kg2 Rb2 36. Kf1 Rb1+ 37. Kg2 1/2-1/2